 Dungeon Crawl Stone Soup version 0.21-a0-352-g5b8f553 (webtiles) character file.

24 Ijustatesigmund the Conjurer (level 3, 0/16 HPs)
             Began as a Vine Stalker Conjurer on Oct 10, 2017.
             Slain by a hobgoblin (1 damage)
             ... on level 1 of the Dungeon.
             The game lasted 00:02:55 (851 turns).

Ijustatesigmund the Conjurer (Vine Stalker Conjurer) Turns: 851, Time: 00:02:55

Health: 0/16       AC:  3    Str: 10    XL:     3   Next: 2%
Magic:  0/8        EV: 11    Int: 15    God:
Gold:   14         SH:  0    Dex: 15    Spells: 4/7 levels left

rFire    + . .     SeeInvis .   d - +1 spear (venom)
rCold    . . .     Gourm    .   (no shield)
rNeg     . . .     Faith    .   e - +0 leather armour {rF+}
rPois    .         Spirit   +   (no helmet)
rElec    .         Reflect  .   (no cloak)
rCorr    .         Harm     .   (no gloves)
MR       .....                  (no boots)
Stlth    ++........             (no amulet)
HPRegen  0.05/turn              (no ring)
MPRegen  0.11/turn              (no ring)

@: no status effects
A: fangs 2, magic shield, antimagic bite, no potion heal 3, rot immunity
a: no special abilities


You were on level 1 of the Dungeon.
You were not hungry.

You visited 1 branch of the dungeon, and saw 1 of its levels.

You collected 14 gold pieces.

Inventory:

Hand Weapons
 d - a +1 spear of venom (weapon)
Armour
 e - a +0 leather armour of fire resistance (worn)
Potions
 g - a potion of lignification {unknown}
Books
 b - a book of Conjurations

   Spells                             Type                      Level
   a - Magic Dart                     Conjuration                  1
   b - Searing Ray                    Conjuration                  2
   c - Dazzling Spray                 Conjuration/Hexes            3
   d - Fulminant Prism                Conjuration/Hexes            4
   e - Force Lance                    Conjuration/Translocation    4
   f - Iskenderun's Mystic Blast      Conjuration                  4
Comestibles
 c - a bread ration
 f - a royal jelly


   Skills:
 - Level 1.5 Dodging
 + Level 3.2 Stealth
 + Level 2.6 Spellcasting
 + Level 4.3 Conjurations


You had 4 spell levels left.
You knew the following spells:

 Your Spells              Type           Power        Failure   Level  Hunger
a - Magic Dart            Conj           ##..         4%          1    #......
b - Searing Ray           Conj           ##....       7%          2    ##.....


Dungeon Overview and Level Annotations

Branches:
Dungeon (1/15)

Altars:


Innate Abilities, Weirdness & Mutations

You have extremely sharp teeth.
When hurt, damage is shared between your health and your magic reserves.
Your bite disrupts and absorbs the magic of your enemies.
Potions cannot restore your health.
You are immune to rotting.


Message History

Casting: Magic Dart
Confirm with . or Enter, or press ? or * to list all spells.
You can't see any susceptible monsters within range! (Use Z to cast anyway.) Unknown command.
Casting: Magic Dart
Confirm with . or Enter, or press ? or * to list all spells.
You can't see any susceptible monsters within range! (Use Z to cast anyway.)
Casting: Magic Dart
Confirm with . or Enter, or press ? or * to list all spells.
Aiming: Magic Dart
Press: ? - help, Shift-Dir - straight line The magic dart hits something.
Something hits you. Something hits you.
* * * LOW HITPOINT WARNING * * *
Something hits you.
* * * LOW HITPOINT WARNING * * *
Something hits you but does no damage.
You hit something but do no damage. Your bite misses something.
Something hits you.
You die...

####.####†.)......#
........§.§.......#
####.####§.....(..#
# #.####..........
#...[†....)...##
###.########### #†#
#.###########
#††.......{@##
##.#♣#.P.....#
#..≈≈.≈≈≈≈≈.....
#♣≈≈≈≈≈.≈≈.P..##
#.≈≈.≈≈≈≈.≈≈P.#
#♣≈P≈≈≈≈≈≈≈≈P.#
#..≈≈≈≈.≈≈≈...#
#..P.≈≈≈≈≈≈P..#
###.....♣....


There were no monsters in sight!

Vanquished Creatures
  A dart slug (D:1)
  2 leopard geckos (D:1)
  A giant cockroach (D:1)
  4 goblins (D:1)
  2 hobgoblins (D:1)
  A jackal (D:1)
  3 bats (D:1)
  A frilled lizard (D:1)
  A kobold (D:1)
  3 rats (D:1)
19 creatures vanquished.

Notes
Turn   | Place    | Note
-------+----------+-------------------------------------------
     0 | D:1      | Ijustatesigmund the Vine Stalker Conjurer began the quest for the Orb.
     0 | D:1      | Reached XP level 1. HP: 9/9 MP: 4/4
   327 | D:1      | Reached XP level 2. HP: 13/13 MP: 1/6
   331 | D:1      | Learned a level 2 spell: Searing Ray
   829 | D:1      | Reached XP level 3. HP: 16/16 MP: 5/8
   851 | D:1      | Slain by a hobgoblin

Vault maps used:
D:1:      saegor_arrival_simple_e, serial_bayou_pond_b, hangedman_decor_opposing

Skill      XL: |  1  2 |
---------------+-------+-----
Stealth        | 3 |  3.2
Dodging        | |  1.5
Spellcasting   | |  2.6
Conjurations   | |  4.3

Action                   || total
-------------------------++-------
Melee: Spear             ||    22
       Bite              ||     1
 Cast: Magic Dart        ||    28
       Searing Ray       ||     1
  Use: Scroll            ||     1
Armor: Leather armour    ||     2
Dodge: Dodged            ||    17

Table legend:
 A = Spawn XP
 B = Non-spawn XP
 C = Spawn XP percentage of total XP
 D = Spawn monster count
 E = Non-spawn monster count
 F = Spawn count percentage of total count
 G = Total turns spent on level
                    A         B        C        D         E        F      G
               +---------+---------+-------+---------+---------+-------+---------
         Total |       0 |      35 |   0.0 |       0 |      19 |   0.0 |   851
               +---------+---------+-------+---------+---------+-------+---------
           D:1 |       0 |      35 |   0.0 |       0 |      19 |   0.0 |   851
               +---------+---------+-------+---------+---------+-------+---------
